| TOP OF THE 1ST |
|
Cleveland Spiders batting - Pitching for Seattle Mariners : RHP Steve Busby
|
|
Pitching: RHP Steve Busby
|
|
|
Batting: RHB Alan Trammell
|
0-0: Ball 1-0: Called Strike 1-1: Ball 2-1: Ground out 6-3 (Groundball, P, EV 88.1 MPH)
|
|
Batting: SHB Bump Wills
|
0-0: Ball 1-0: Ball 2-0: Called Strike 2-1: Ball 3-1: Foul Ball, location: 2F 3-2: SINGLE (Line Drive, 34, EV 94.4 MPH)
|
|
Batting: SHB Salvador Perez
|
0-0: Called Strike 0-1: Ball 1-1: Ball Passed Ball! Bump Wills to second 2-1: Foul Ball, location: 2F 2-2: Strikes out swinging, 2-3 out at first.
|
|
Batting: RHB Clayton Elliott
|
0-0: Ball 1-0: Ball 2-0: Foul Ball, location: 2F 2-1: Foul Ball, location: 2F 2-2: Foul Ball, location: 2F 2-2: Foul Ball, location: 2F 2-2: 2-RUN HOME RUN (Flyball, 9D, EV 90.0 MPH), Distance : 382 ft
|
|
Batting: RHB Cressy Pratt
|
0-0: SINGLE (Groundball, 56D, EV 100.6 MPH)
|
|
Batting: RHB Tom Brunansky
|
0-0: Ball 1-0: Ground out 5-3 (Groundball, 56S, EV 82.5 MPH)
|
| Top of the 1st over - 2 runs, 3 hits, 0 errors, 1 left on base; Cleveland 2 - Seattle 0 |
| BOTTOM OF THE 1ST |
|
Seattle Mariners batting - Pitching for Cleveland Spiders : RHP Rick Rhoden
|
|
Pitching: RHP Rick Rhoden
|
|
|
Batting: LHB Mike Stenhouse
|
0-0: Called Strike 0-1: Ball 1-1: Called Strike 1-2: Strikes out swinging
|
|
Batting: LHB Ivan Flores
|
0-0: Ball 1-0: Called Strike 1-1: Ball 2-1: Called Strike 2-2: Foul Ball, location: 2F 2-2: Fly out, F3 (Line Drive, 3, EV 64.4 MPH)
|
|
Batting: RHB Robin Yount
|
0-0: Called Strike 0-1: Ball 1-1: Called Strike 1-2: Foul Ball, location: 2F 1-2: Strikes out looking
|
| Bottom of the 1st over - 0 runs, 0 hits, 0 errors, 0 left on base; Cleveland 2 - Seattle 0 |
| TOP OF THE 2ND |
|
Cleveland Spiders batting - Pitching for Seattle Mariners : RHP Steve Busby
|
|
Batting: RHB Kevin Bell
|
0-0: Foul Ball, location: 2F 0-1: Foul Ball, location: 2F 0-2: Ball 1-2: Foul Ball, location: 2F 1-2: Strikes out swinging
|
|
Batting: RHB Lance Parrish
|
0-0: Ball 1-0: Ball 2-0: SOLO HOME RUN (Line Drive, 7D, EV 105.6 MPH), Distance : 378 ft
|
|
Batting: RHB Jesse Barfield
|
0-0: Ball 1-0: Foul Ball, location: 2F 1-1: Swinging Strike 1-2: Ball 2-2: Fly out, F8 (Flyball, 8RD, EV 101.3 MPH)
|
|
Batting: RHB Alan Trammell
|
0-0: Foul Ball, location: 2F 0-1: Ground out 3-1 (Groundball, 34, EV 82.5 MPH)
|
| Top of the 2nd over - 1 run, 1 hit, 0 errors, 0 left on base; Cleveland 3 - Seattle 0 |
| BOTTOM OF THE 2ND |
|
Seattle Mariners batting - Pitching for Cleveland Spiders : RHP Rick Rhoden
|
|
Batting: LHB Don Mattingly
|
0-0: Called Strike 0-1: Ground out 6-3 (Groundball, 6M, EV 88.1 MPH)
|
|
Batting: LHB Chris Wynn
|
0-0: Foul Ball, location: 2F 0-1: Ground out U3 (Groundball, 3, EV 108.1 MPH)
|
|
Batting: RHB Tony Conigliaro
|
0-0: Fly out, F9 (Flyball, 9LD, EV 93.1 MPH)
|
| Bottom of the 2nd over - 0 runs, 0 hits, 0 errors, 0 left on base; Cleveland 3 - Seattle 0 |
| TOP OF THE 3RD |
|
Cleveland Spiders batting - Pitching for Seattle Mariners : RHP Steve Busby
|
|
Batting: SHB Bump Wills
|
0-0: Ground out 4-3 (Groundball, 4MD, EV 85.0 MPH)
|
|
Batting: SHB Salvador Perez
|
0-0: Ball 1-0: Ball 2-0: Called Strike 2-1: Ball 3-1: Base on Balls
|
|
Batting: RHB Clayton Elliott
|
0-0: Ball 1-0: DOUBLE (Flyball, 89D, EV 88.1 MPH) Salvador Perez to third Runner from 3rd tries for Home, SAFE, throw by RF to trailing runner, SAFE at third!
|
|
Batting: RHB Cressy Pratt
|
0-0: Foul Ball, location: 2F 0-1: Ball 1-1: Foul Ball, location: 2F 1-2: Ball 2-2: Strikes out swinging
|
|
Batting: RHB Tom Brunansky
|
0-0: Swinging Strike 0-1: Ball 1-1: SINGLE (Flyball, 8LS, EV 89.4 MPH) Clayton Elliott scores
|
|
Batting: RHB Kevin Bell
|
0-0: Fielders Choice at 2nd, 6-4 (Groundball, 6, EV 108.8 MPH)
|
| Top of the 3rd over - 2 runs, 2 hits, 0 errors, 1 left on base; Cleveland 5 - Seattle 0 |
| BOTTOM OF THE 3RD |
|
Seattle Mariners batting - Pitching for Cleveland Spiders : RHP Rick Rhoden
|
|
Batting: RHB Ryne Sandberg
|
0-0: Fly out, F5 (Line Drive, 5, EV 70.6 MPH)
|
|
Batting: RHB Ozzie Virgil
|
0-0: Ball 1-0: Swinging Strike 1-1: Foul Ball, location: 2F 1-2: SINGLE (Groundball, 4MS, EV 81.9 MPH) (infield hit)
|
|
Batting: RHB Kurt Cunningham
|
0-0: Ball 1-0: Grounds into double play, 4-6-3 (Groundball, 34, EV 100.0 MPH)
|
| Bottom of the 3rd over - 0 runs, 1 hit, 0 errors, 0 left on base; Cleveland 5 - Seattle 0 |
| TOP OF THE 4TH |
|
Cleveland Spiders batting - Pitching for Seattle Mariners : RHP Steve Busby
|
|
Batting: RHB Lance Parrish
|
0-0: Fly out, F6 (Popup, 6D, EV 58.8 MPH)
|
|
Batting: RHB Jesse Barfield
|
0-0: Ball 1-0: Ball 2-0: Ball 3-0: Called Strike 3-1: Base on Balls
|
|
Batting: RHB Alan Trammell
|
0-0: Called Strike 0-1: Ball 1-1: Ground out 4-3 (Groundball, 34S, EV 90.6 MPH) Jesse Barfield to second
|
|
Batting: SHB Bump Wills
|
0-0: Called Strike 0-1: Swinging Strike 0-2: Ground out U3 (Groundball, 34S, EV 80.6 MPH)
|
| Top of the 4th over - 0 runs, 0 hits, 0 errors, 1 left on base; Cleveland 5 - Seattle 0 |
| BOTTOM OF THE 4TH |
|
Seattle Mariners batting - Pitching for Cleveland Spiders : RHP Rick Rhoden
|
|
Batting: LHB Mike Stenhouse
|
0-0: Called Strike 0-1: Foul Ball, location: 2F 0-2: Strikes out looking
|
|
Batting: LHB Ivan Flores
|
0-0: Ground out 5-3 (Groundball, 56, EV 97.5 MPH)
|
|
Batting: RHB Robin Yount
|
0-0: Ball 1-0: Ball 2-0: Ball 3-0: Called Strike 3-1: Base on Balls
|
|
Batting: LHB Don Mattingly
|
0-0: Ball Robin Yount steals 2nd base 1-0: Ball 2-0: SINGLE (Line Drive, 6D, EV 96.3 MPH) Robin Yount to third Runner from 3rd tries for Home, SAFE, throw by LF to home
|
|
Batting: LHB Chris Wynn
|
0-0: Swinging Strike 0-1: Ball 1-1: Swinging Strike 1-2: Fielders Choice at 2nd, 6-4 (Groundball, 6, EV 81.3 MPH)
|
| Bottom of the 4th over - 1 run, 1 hit, 0 errors, 1 left on base; Cleveland 5 - Seattle 1 |
| TOP OF THE 5TH |
|
Cleveland Spiders batting - Pitching for Seattle Mariners : RHP Steve Busby
|
|
Pitching: RHP Timothy Jones
|
|
|
Batting: SHB Salvador Perez
|
0-0: Foul Ball, location: 2F 0-1: Called Strike 0-2: SINGLE (Groundball, 6MD, EV 102.5 MPH)
|
|
Batting: RHB Clayton Elliott
|
0-0: Fielders Choice at 2nd, 6-4 (Groundball, 56, EV 101.9 MPH)
|
|
Batting: RHB Cressy Pratt
|
0-0: Ball 1-0: Foul Ball, location: 2F 1-1: Called Strike 1-2: Ball 2-2: Foul Ball, location: 2F 2-2: Strikes out looking
|
|
Batting: RHB Tom Brunansky
|
0-0: Ball 1-0: Called Strike Clayton Elliott steals 2nd base 1-1: Ball 2-1: Ball 3-1: Ground out 4-3 (Groundball, 4, EV 84.4 MPH)
|
| Top of the 5th over - 0 runs, 1 hit, 0 errors, 1 left on base; Cleveland 5 - Seattle 1 |
| BOTTOM OF THE 5TH |
|
Seattle Mariners batting - Pitching for Cleveland Spiders : RHP Rick Rhoden
|
|
Batting: RHB Tony Conigliaro
|
0-0: Ball 1-0: Foul Ball, location: 2F 1-1: Foul Ball, location: 2F 1-2: Strikes out swinging
|
|
Batting: RHB Ryne Sandberg
|
0-0: Swinging Strike 0-1: Foul Ball, location: 2F 0-2: Strikes out looking
|
|
Batting: RHB Ozzie Virgil
|
0-0: Called Strike 0-1: Ball 1-1: Ball 2-1: Foul Ball, location: 2F 2-2: Strikes out swinging
|
| Bottom of the 5th over - 0 runs, 0 hits, 0 errors, 0 left on base; Cleveland 5 - Seattle 1 |
| TOP OF THE 6TH |
|
Cleveland Spiders batting - Pitching for Seattle Mariners : RHP Timothy Jones
|
|
Batting: RHB Kevin Bell
|
0-0: Ground out 3-1 (Groundball, 34S, EV 86.9 MPH)
|
|
Batting: RHB Lance Parrish
|
0-0: Fly out, F7 (Flyball, 78S, EV 91.9 MPH)
|
|
Batting: RHB Jesse Barfield
|
0-0: Ball 1-0: Foul Ball, location: 2F 1-1: Ball 2-1: Swinging Strike 2-2: Fly out, F4 (Flyball, 4D, EV 75.0 MPH)
|
| Top of the 6th over - 0 runs, 0 hits, 0 errors, 0 left on base; Cleveland 5 - Seattle 1 |
| BOTTOM OF THE 6TH |
|
Seattle Mariners batting - Pitching for Cleveland Spiders : RHP Rick Rhoden
|
|
Batting: RHB Kurt Cunningham
|
0-0: Ball 1-0: Ball 2-0: Called Strike 2-1: Swinging Strike 2-2: Strikes out swinging
|
|
Batting: LHB Mike Stenhouse
|
0-0: Ball 1-0: TRIPLE (Line Drive, 89XD, EV 106.3 MPH)
|
|
Batting: LHB Ivan Flores
|
0-0: Called Strike 0-1: Ground out 4-3 (Groundball, 4, EV 85.0 MPH) Mike Stenhouse scores
|
|
Batting: RHB Robin Yount
|
0-0: Called Strike 0-1: Ball 1-1: Ground out U3 (Groundball, 34, EV 97.5 MPH)
|
| Bottom of the 6th over - 1 run, 1 hit, 0 errors, 0 left on base; Cleveland 5 - Seattle 2 |
| TOP OF THE 7TH |
|
Cleveland Spiders batting - Pitching for Seattle Mariners : RHP Timothy Jones
|
|
Batting: RHB Alan Trammell
|
0-0: Called Strike 0-1: Ground out 6-3 (Groundball, 6, EV 86.9 MPH)
|
|
Batting: SHB Bump Wills
|
0-0: Ball 1-0: Swinging Strike 1-1: Foul Ball, location: 2F 1-2: Foul Ball, location: 2F 1-2: Ball 2-2: Ball 3-2: Base on Balls
|
|
Batting: SHB Salvador Perez
|
0-0: Called Strike 0-1: Swinging Strike 0-2: Ball 1-2: Strikes out swinging
|
|
Batting: RHB Clayton Elliott
|
0-0: Called Strike 0-1: Called Strike 0-2: Ball 1-2: Ball Bump Wills steals 2nd base 2-2: Ball 3-2: 2-RUN HOME RUN (Flyball, 9D, EV 108.1 MPH), Distance : 369 ft
|
|
Batting: RHB Cressy Pratt
|
0-0: Ball 1-0: Ball 2-0: Called Strike 2-1: Fly out, F9 (Line Drive, 9, EV 95.0 MPH)
|
| Top of the 7th over - 2 runs, 1 hit, 0 errors, 0 left on base; Cleveland 7 - Seattle 2 |
| BOTTOM OF THE 7TH |
|
Seattle Mariners batting - Pitching for Cleveland Spiders : RHP Rick Rhoden
|
|
Batting: LHB Don Mattingly
|
0-0: Called Strike 0-1: Ball 1-1: Foul Ball, location: 2F 1-2: DOUBLE (Line Drive, 78D, EV 110.0 MPH)
|
|
Batting: LHB Chris Wynn
|
0-0: Called Strike 0-1: Ball 1-1: SINGLE (Line Drive, 89S, EV 105.0 MPH) Don Mattingly to third Runner from 3rd tries for Home, SAFE, throw by RF to home
|
|
Batting: RHB Tony Conigliaro
|
0-0: Fly out, F8 (Flyball, 89D, EV 99.4 MPH)
|
|
Batting: RHB Ryne Sandberg
|
0-0: Ball 1-0: Ball 2-0: Fly out, F7 (Flyball, 7D, EV 107.5 MPH)
|
|
Batting: RHB Ozzie Virgil
|
0-0: Ball 1-0: Called Strike 1-1: Foul Ball, location: 2F 1-2: Strikes out swinging
|
| Bottom of the 7th over - 1 run, 2 hits, 0 errors, 1 left on base; Cleveland 7 - Seattle 3 |
| TOP OF THE 8TH |
|
Cleveland Spiders batting - Pitching for Seattle Mariners : RHP Timothy Jones
|
|
Batting: RHB Tom Brunansky
|
0-0: Called Strike 0-1: SINGLE (Flyball, 9S, EV 93.1 MPH)
|
|
Pitching: RHP Scott Sanderson
|
|
|
Batting: RHB Kevin Bell
|
0-0: Ball Tom Brunansky steals 2nd base (no throw) 1-0: Ball Tom Brunansky steals 3rd base (no throw) 2-0: Ball 3-0: Ground out 5-3 (Groundball, 56, EV 103.1 MPH) Tom Brunansky scores
|
|
Batting: RHB Lance Parrish
|
0-0: Ball 1-0: Called Strike 1-1: Swinging Strike 1-2: Foul Ball, location: 2F 1-2: Ball 2-2: Foul Ball, location: 2F 2-2: Foul Ball, location: 2F 2-2: Foul Ball, location: 2F 2-2: Foul Ball, location: 2F 2-2: DOUBLE (Line Drive, 89D, EV 111.9 MPH) - OUT at third base trying to stretch hit.
|
|
Batting: RHB Jesse Barfield
|
0-0: Swinging Strike 0-1: SINGLE (Line Drive, 4D, EV 98.8 MPH)
|
|
Batting: RHB Alan Trammell
|
0-0: Foul Ball, location: 2F 0-1: Ball 1-1: Ball 2-1: Ball 3-1: Fly out, F9 (Flyball, 9LS, EV 91.3 MPH)
|
| Top of the 8th over - 1 run, 3 hits, 0 errors, 1 left on base; Cleveland 8 - Seattle 3 |
| BOTTOM OF THE 8TH |
|
Seattle Mariners batting - Pitching for Cleveland Spiders : RHP Rick Rhoden
|
|
Batting: RHB Kurt Cunningham
|
0-0: Ball 1-0: Fly out, F8 (Flyball, 89M, EV 87.5 MPH)
|
|
Batting: LHB Mike Stenhouse
|
0-0: Fly out, F7 (Flyball, 7LM, EV 96.3 MPH)
|
|
Batting: LHB Ivan Flores
|
0-0: Foul Ball, location: 2F 0-1: Ball 1-1: Ball 2-1: Ball 3-1: Foul Ball, location: 2F 3-2: Fly out, F9 (Flyball, 9D, EV 91.3 MPH)
|
| Bottom of the 8th over - 0 runs, 0 hits, 0 errors, 0 left on base; Cleveland 8 - Seattle 3 |
| TOP OF THE 9TH |
|
Cleveland Spiders batting - Pitching for Seattle Mariners : RHP Scott Sanderson
|
|
Batting: SHB Bump Wills
|
0-0: Ball 1-0: Called Strike 1-1: Called Strike 1-2: Ball 2-2: Fly out, F9 (Flyball, 9LD, EV 80.0 MPH)
|
|
Batting: SHB Salvador Perez
|
0-0: Called Strike 0-1: Ball 1-1: Ground out 4-3 (Groundball, 4D, EV 103.8 MPH)
|
|
Batting: RHB Clayton Elliott
|
0-0: Called Strike 0-1: Foul Ball, location: 2F 0-2: Strikes out looking
|
| Top of the 9th over - 0 runs, 0 hits, 0 errors, 0 left on base; Cleveland 8 - Seattle 3 |
| BOTTOM OF THE 9TH |
|
Seattle Mariners batting - Pitching for Cleveland Spiders : RHP Rick Rhoden
|
|
Batting: RHB Robin Yount
|
0-0: Fly out, F7 (Line Drive, 7D, EV 103.1 MPH)
|
|
Batting: LHB Don Mattingly
|
0-0: Called Strike 0-1: Called Strike 0-2: Ball 1-2: Ball 2-2: Ball 3-2: SINGLE (Groundball, 4MD, EV 97.5 MPH)
|
|
Batting: LHB Chris Wynn
|
0-0: Foul Ball, location: 2F 0-1: Ball 1-1: Swinging Strike 1-2: Hit by Pitch Don Mattingly to second
|
|
Pinch Runner at 1st Bobby Bonds:
|
|
|
Batting: RHB Tony Conigliaro
|
0-0: Fly out, F9 (Flyball, 89XD, EV 96.3 MPH) Runner from 2nd tags up, SAFE at 3rd, no throw by RF
|
|
Batting: RHB Ryne Sandberg
|
0-0: Fielders Choice at 2nd, 6-4 (Groundball, 6, EV 80.6 MPH)
|
| Bottom of the 9th over - 0 runs, 1 hit, 0 errors, 2 left on base; Cleveland 8 - Seattle 3 |
|